Map: Ulrena

Players

PtitDrogo - Winner!

  • Race: Protoss Protoss
  • League: Master

AcerBly (Bly)

  • Race: Zerg Zerg
  • League: Master

Event: DreamHack ZOWIE Open Leipzig

VOD

Have the link to the VOD?

Description

Time

  • Played on: Jan. 24, 2016, 5:10 a.m.
  • Length: 9:10

All games in this series

Show
View Real Time Build Order
Export as new Build Order

PtitDrogo Protoss - Winner!

Build Orders: Oracle Opening, Blink Stalkers 

Get SALT Encoding   

  12  0:01  Probe (Chrono Boost)  
  13  0:11  Probe (Chrono Boost)  
  14  0:17  Pylon  
  14  0:22  Probe (Chrono Boost)  
  15  0:36  Probe (Chrono Boost)  
  15  0:37  Gateway  
  16  0:43  Assimilator  
  16  0:46  Probe (Chrono Boost)  
  18  0:57  Probe (Chrono Boost)  
  18  1:00  Gateway  
  18  1:07  Probe (Chrono Boost)  
  18  1:09  Assimilator  
  19  1:18  Probe (Chrono Boost)  
  20  1:25  Cybernetics Core  
  20  1:29  Probe (Chrono Boost)  
  21  1:34  Pylon  
  21  1:39  Probe (Chrono Boost)  
  22  1:50  Probe (Chrono Boost)  
  24  2:01  Probe (Chrono Boost)  
  24  2:03  Adept x2, Warp Gate (Chrono Boost)  
  28  2:12  Probe (Chrono Boost)  
  29  2:16  Pylon  
  29  2:22  Probe (Chrono Boost)  
  30  2:29  Stargate  
  32  2:37  Mothership Core (Chrono Boost)  
  32  2:56  Probe (Chrono Boost)  
  32  2:58  Nexus  
  33  3:06  Probe (Chrono Boost)  
  33  3:12  Oracle (Chrono Boost)  
  37  3:17  Probe  
  37  3:19  Pylon  
  38  3:29  Probe  
  39  3:41  Probe  
  39  3:43  Oracle (Chrono Boost)  
  39  3:47  Pylon  
  43  3:53  Probe  
  44  4:05  Probe, Adept  
  42  4:15  Probe  
  43  4:17  Probe  
  43  4:18  Oracle  
  47  4:24  Adept  
  47  4:25  Probe  
  47  4:26  Adept  
  47  4:30  Probe  
  53  4:32  Gateway  
  53  4:36  Probe  
  54  4:42  Probe  
  54  4:44  Adept, Pylon  
  57  4:46  Probe  
  57  4:47  Adept  
  60  4:54  Probe  
  60  4:57  Probe, Assimilator  
  60  4:58  Assimilator  
  62  5:06  Probe  
  63  5:08  Probe  
  64  5:20  Probe  
  64  5:21  Adept x2  
  67  5:26  Probe  
  64  5:31  Nexus  
  64  5:33  Pylon  
  64  5:37  Probe  
  64  5:38  Void Ray (Chrono Boost)  
  64  5:40  Probe  
  64  5:42  Twilight Council  
  64  5:53  Sentry x2  
  64  5:55  Stalker, Pylon x2  
  70  5:58  Probe  
  70  6:00  Probe  
  72  6:17  Void Ray (Chrono Boost)  
  76  6:19  Probe  
  76  6:23  Probe, Blink (Chrono Boost)  
  78  6:28  Stalker  
  78  6:29  Stalker  
  78  6:31  Probe  
  83  6:33  Probe  
  83  6:36  Stalker  
  83  6:38  Gateway  
  86  6:43  Probe x2  
  86  6:44  Probe  
  89  6:54  Sentry, Stalker  
  93  6:55  Probe  
  93  6:58  Probe, Gateway  
  93  6:59  Gateway  
  95  7:02  Gateway  
  97  7:09  Pylon  
  97  7:11  Gateway  
  95  7:19  Stalker x2  
  95  7:20  Stalker  
  101  7:25  Pylon  
  101  7:45  Stalker x3  
  107  7:51  Pylon  
  107  7:52  Assimilator  
  107  7:54  Assimilator  
  107  7:55  Stalker x3  
  113  8:01  Gateway  
  113  8:02  Pylon  
  113  8:10  Stalker x4  
  121  8:23  Stalker x4  
  115  8:46  Stalker x3  
  115  8:47  Stalker x5  
Show
View Real Time Build Order
Export as new Build Order

AcerBly Zerg 

Build Orders: Hatch First, Roach Hydra Ravager 

Get SALT Encoding   

  12  0:00  Drone  
  13  0:12  Overlord  
  13  0:17  Drone  
  14  0:30  Drone  
  14  0:31  Drone  
  14  0:34  Drone  
  17  0:52  Hatchery  
  16  1:05  Spawning Pool  
  16  1:08  Drone  
  16  1:12  Drone  
  16  1:15  Drone  
  18  1:21  Drone  
  19  1:30  Extractor  
  18  1:51  Zergling x4  
  18  1:52  Zergling x2  
  21  2:04  Queen  
  21  2:05  Queen  
  21  2:07  Zergling x2  
  26  2:10  Drone  
  27  2:16  Overlord  
  27  2:26  Drone  
  27  2:27  Overlord  
  28  2:34  Metabolic Boost  
  28  2:55  Drone x5  
  28  2:56  Queen  
  34  3:02  Overlord  
  33  3:09  Overlord  
  33  3:12  Spore Crawler  
  31  3:18  Zergling x2  
  31  3:19  Zergling x10  
  37  3:22  Drone  
  37  3:24  Drone  
  39  3:35  Drone x2  
  41  3:43  Drone  
  41  3:46  Drone x4  
  46  4:06  Drone x3  
  46  4:07  Drone  
  41  4:17  Drone x3  
  41  4:18  Drone  
  41  4:22  Spore Crawler  
  44  4:26  Hatchery, Roach Warren  
  42  4:39  Zergling x12  
  48  4:46  Drone x3  
  48  4:52  Spore Crawler  
  51  5:07  Zergling x6  
  52  5:17  Roach x5  
  54  5:26  Drone x2  
  53  5:29  Drone  
  53  5:30  Drone  
  52  5:40  Drone x3  
  53  5:45  Lair  
  53  5:52  Extractor  
  53  5:53  Drone x3  
  55  6:01  Spore Crawler  
  55  6:03  Drone x3  
  56  6:13  Drone x3  
  56  6:16  Spore Crawler  
  56  6:17  Drone  
  59  6:21  Drone x5  
  59  6:22  Overlord  
  59  6:25  Extractor  
  63  6:26  Overlord  
  63  6:28  Overlord  
  63  6:31  Overlord  
  64  6:35  Overlord x4  
  64  6:39  Overlord  
  64  6:44  Hydralisk Den, Glial Reconstitution  
  63  6:47  Hatchery, Extractor  
  63  6:50  Drone  
  63  6:51  Drone x4  
  66  7:00  Zergling x2  
  67  7:06  Drone x3  
  67  7:07  Drone x5  
  75  7:19  Muscular Augments  
  75  7:23  Drone x8  
  75  7:24  Drone  
  75  7:26  Extractor  
  75  7:27  Extractor  
  82  7:30  Overlord  
  81  7:38  Overlord  
  81  7:46  Extractor  
  81  7:51  Hydralisk x8  
  96  8:00  Queen  
  98  8:08  Drone x4  
  98  8:09  Drone  
  102  8:16  Hydralisk x7  
  116  8:22  Ravager x2  
  116  8:23  Zergling x2  
  116  8:24  Zergling x8  
  107  8:34  Hydralisk x4  
  106  8:42  Roach  
  106  8:43  Roach x4  

Tags
 
Add a new tag
Caveats
  • Supply blocks, unpowered buildings, or Contaminate may cause inaccurate times.
  • Supply counts are checked every 10 seconds.